 Dungeon Sprint DCSS version 0.30-a0-451-ge042605de7 (webtiles) character file.

Game seed: 6153016037226520388

1080 rocky1 the Cleaver (level 8, -2/97 HPs)
             Began as an Ogre Gladiator on Dec 12, 2022.
             Was a Believer of Okawaru.
             Slain by a flayed ghost (27 damage)
             ... in the Dungeon (Sprint VII: "The Pits").
             The game lasted 00:03:01 (833 turns).

rocky1 the Cleaver (Ogre Gladiator)                  Turns: 833, Time: 00:03:02

Health: -2/97      AC:  3    Str: 21    XL:     8   Next: 29%
Magic:  13/13      EV: 12    Int:  9    God:    Okawaru [**....]
Gold:   0          SH:  0    Dex: 10    Spells: 7/7 levels left

rFire   . . .      SeeInvis .    a - +0 war axe
rCold   . . .      Faith    .    (no shield)
rNeg    . . .      Spirit   .    b - +0 robe
rPois   .          Reflect  .    c - +0 hat
rElec   .          Harm     .    (no cloak)
rCorr   .          Rampage  .    (gloves unavailable)
Will    .....      NoTele   +    (boots unavailable)
Stlth   +.........               (no amulet)
HPRegen 0.36/turn                (no ring)
MPRegen 0.13/turn                (no ring)

@: flayed
A: large, unfitting armour, tough skin 1
a: Renounce Religion, Heroism


You were in the Dungeon.
You worshipped Okawaru.
Okawaru was pleased with you.
You visited 1 branch

Inventory:

Hand Weapons
 a - a +0 war axe (weapon)
 o - a +1 antimagic whip
 p - a +2 flail of protection
 q - a +0 hand axe of freezing
Missiles
 d - 3 throwing nets (quivered)
 e - a large rock
Armour
 b - a +0 robe (worn)
 c - a +0 hat (worn)
Scrolls
 k - a scroll of blinking
 m - 5 scrolls of amnesia
 n - a scroll of butterflies
Potions
 f - 6 potions of curing
 g - 3 potions of heal wounds
 h - a potion of haste
 i - 4 potions of magic
 j - 2 potions of berserk rage
 l - a potion of invisibility


   Skills:
 + Level 11.0 Fighting
 * Level 12.0 Axes
 - Level 2.2 Throwing
 + Level 8.0 Dodging
 + Level 7.4 Invocations


You had 7 spell levels left.
You didn't know any spells.
Your spell library was empty.

Dungeon Overview and Level Annotations

Branches:
Dungeon (1/1)

Altars:
Ashenzari
Cheibriados
Dithmenos
Elyvilon
Fedhas
Gozag
Hepliaklqana
Kikubaaqudgha
Makhleb
Nemelex Xobeh
Okawaru
Qazlal
Ru
Sif Muna
Trog
Uskayaw
Vehumet
Wu Jian
Xom
Yredelemnul
Zin
The Shining One
Jiyva
Lugonu


Innate Abilities, Weirdness & Mutations

You are too large for most types of armour.
You have tough skin. (AC +1)


Message History

You closely miss the orc warrior.
The orc warrior is almost dead.
You closely miss the orc warrior. You punch the orc warrior.
The orc warrior is almost dead.
The orc warrior barely misses you.
You hit the orc warrior but do no damage.
The orc warrior is almost dead.
The orc shouts!
Unknown command.
You flicker for a moment.
You feel like a meek peon again. The orc misses you.
There is an open door, spattered with blood here.
Things that are here:
a +2 dagger of distortion; a +2 robe of cold resistance You hit the orc.
The orc is heavily wounded.
You slash the flayed ghost!
The flayed ghost cries, "Feel what I felt!"
The orc hits you with a +0 whip.
You slash the orc!
You kill the orc!
Okawaru accepts your kill.
You closely miss the flayed ghost. The flayed ghost barely misses you.
Your Axes skill increases to level 12!
Unknown command.
You miss the flayed ghost.
The flayed ghost is lightly damaged.
The flayed ghost closely misses you.
You miss the flayed ghost.
The flayed ghost is lightly damaged.
You slash the flayed ghost!
The flayed ghost is moderately damaged.
You flicker back into view.
The flayed ghost stares at you with tortured malice.
Terrible wounds spread across more of your body!
* * * LOW HITPOINT WARNING * * *
You hit the flayed ghost.
The flayed ghost is moderately damaged.
The flayed ghost hits you!!
You die...

#.#..###'####.......#
#)##'#.....##...<...#
#.#........##.......#
#.#........##.......#
#'###########.......#
#.......#.. #########
#..#.#..#.# ###
#.##.##.#)# o..#
#.......#@#....#
#.##.##.#)W....+
#..#.#..#'#....#
#.......).#....#
########### ####


You could see a flayed ghost.

Vanquished Creatures
  Psyche (D)
  A flying skull (D)
  An orc warrior (D)
  A sky beast (D)
  An ice beast (D)
  A wolf (D)
  2 bullfrogs (D)
  A hound (D)
  An iron imp (D)
  A jelly (D)
  Terence (D)
  A gnoll (D)
  An orc (D)
  A bat skeleton (D)
  An endoplasm (D)
  3 goblins (D)
  2 hobgoblins (D)
  A quokka (D)
  A frilled lizard (D)
23 creatures vanquished.

Notes
Turn   | Place    | Note
-------+----------+-------------------------------------------
     0 | D        | rocky1 the Ogre Gladiator began the quest for the Orb.
     0 | D        | Reached XP level 1. HP: 22/22 MP: 1/1
    42 | D        | Found a bloodstained altar of Trog.
    42 | D        | Found a shimmering blue altar of Sif Muna.
    42 | D        | Found a viscous altar of Jiyva.
    42 | D        | Found a hazy altar of Hepliaklqana.
    42 | D        | Found an opulent altar of Gozag.
    43 | D        | Found a glowing golden altar of the Shining One.
    43 | D        | Found a glowing silver altar of Zin.
    43 | D        | Found a basalt altar of Yredelemnul.
    43 | D        | Found a shimmering altar of Xom.
    43 | D        | Found an ornate altar of the Wu Jian Council.
    43 | D        | Found a sacrificial altar of Ru.
    43 | D        | Found a stormy altar of Qazlal.
    43 | D        | Found an iron altar of Okawaru.
    43 | D        | Found a sparkling altar of Nemelex Xobeh.
    43 | D        | Found a burning altar of Makhleb.
    43 | D        | Found a blossoming altar of Fedhas.
    43 | D        | Found a white marble altar of Elyvilon.
    43 | D        | Found a shadowy altar of Dithmenos.
    43 | D        | Found a snail-covered altar of Cheibriados.
    45 | D        | Found a radiant altar of Vehumet.
    45 | D        | Found a corrupted altar of Lugonu.
    46 | D        | Found a hide-covered altar of Uskayaw.
    46 | D        | Found an ancient bone altar of Kikubaaqudgha.
    46 | D        | Found a broken altar of Ashenzari.
    51 | D        | Became a worshipper of Warmaster Okawaru
   100 | D        | Noticed a wolf
   102 | D        | Reached XP level 2. HP: 21/31 MP: 0/2
   108 | D        | Killed a wolf
   108 | D        | Reached * piety under Okawaru
   109 | D        | Reached skill level 6 in Axes
   109 | D        | Reached XP level 3. HP: 35/44 MP: 0/3
   109 | D        | Reached XP level 4. HP: 41/52 MP: 0/4
   236 | D        | Noticed Terence
   236 | D        | Noticed a sky beast
   252 | D        | Killed Terence
   253 | D        | Reached skill level 7 in Axes
   253 | D        | Reached skill level 5 in Dodging
   253 | D        | Reached skill level 1 in Invocations
   253 | D        | Reached XP level 5. HP: 39/61 MP: 2/6
   253 | D        | Noticed an ice beast
   267 | D        | Killed a sky beast
   268 | D        | Reached skill level 8 in Axes
   272 | D        | Killed an ice beast
   272 | D        | Reached ** piety under Okawaru
   273 | D        | Reached skill level 9 in Axes
   273 | D        | Reached XP level 6. HP: 29/74 MP: 2/9
   429 | D        | Reached skill level 5 in Invocations
   469 | D        | Noticed an orc warrior
   478 | D        | Killed an orc warrior
   479 | D        | Reached skill level 10 in Axes
   479 | D        | Reached XP level 7. HP: 64/83 MP: 7/11
   481 | D        | Noticed a flying skull
   491 | D        | Killed a flying skull
   492 | D        | Reached skill level 10 in Fighting
   622 | D        | Reached skill level 11 in Axes
   800 | D        | Noticed Psyche
   800 | D        | Noticed a flayed ghost
   816 | D        | Killed Psyche
   817 | D        | Reached XP level 8. HP: 43/97 MP: 11/13
   830 | D        | Reached skill level 12 in Axes
   833 | D        | Slain by a flayed ghost

Illustrated notes

Levels and vault maps discovered:
D:        pitsprint [storerooms_1, entrance_room_1, metal_vault_2, armoury_1,
          mini_pit_1, grid_room_1, main_hall_1, silver_pit, the_coven_1,
          the_vestibule_1, steel_vault_5, golden_pit, hallway_of_sentries,
          crystal_vault_1, iron_vault_1, final_vault]

Skill      XL: |  1  2  3  4  5  6  7  8 |
---------------+-------------------------+-----
Fighting       | 3 6 8 9 11 | 11.0
Dodging        | 3 4 5 6 8 |  8.0
Axes           | 6 7 9 10 11 12 | 12.0
Invocations    | 1 4 5 7 |  7.4
Throwing       | |  2.2

Action                   |  1- 3 |  4- 6 |  7- 9 || total
-------------------------+-------+-------+-------++-------
Melee: War axe           |    17 |    49 |    54 ||   120
       Punch             |       |     1 |     1 ||     2
Invok: Heroism           |       |     3 |     2 ||     5
  Use: Potion            |     1 |     1 |     3 ||     5
 Stab: Sleeping          |     1 |       |     1 ||     2
Armor: Robe              |     6 |     6 |     2 ||    14
Dodge: Dodged            |    10 |    21 |    26 ||    57

Table legend: (Time is in decaauts)
 A = Elapsed time spent in this place.
 B = Non-inter-level travel time spent in this place.
 C = Inter-level travel time spent in this place.
 D = Time resting spent in this place.
 E = Time spent auto-exploring this place.
 F = Levels seen in this place.
 G = Mean time per level.
                   A        B        C        D        E       F      G
               +--------+--------+--------+--------+--------+-----+--------+
         Total |    833 |    814 |     19 |    533 |      0 |   1 |  833.0 |
       Dungeon |    833 |    814 |     19 |    533 |      0 |   1 |  833.0 |
               +--------+--------+--------+--------+--------+-----+--------+

Top non-repeatable levels by time:
       D: 833 daAuts
